AoeStats
← ASPROS

Arena

510639898Analyzed
1v1 RM · 24h ago on Oct 1, 2026· 43m 8s· 2 players
Game mode
Random Map
Map size
Tiny (2 player)
Population
200
Speed
Normal
Resources
Standard
Victory
Conquest
Starting age
Dark Age
Ending age
Imperial Age
RankedLock teamsTeams togetherTeam positionsShared explorationLock speedFull tech treeHidden civsTurbo modeCheats
Victory
Defeat
🇺🇸 Britons · United States
990
+18
🇵🇪 Persians · Peru
1030
-18
HawkingsWager
11:08 Feudal Age
14:49 Castle Age
13:22 Double-Bit Axe
13:57 Loom
20:14 Wheelbarrow
21:03 Bow Saw
25:50 Fletching
26:30 Yeomen
26:30 Bodkin Arrow
28:03 Padded Archer Armor
31:36 Imperial Age
29:42 Ballistics
31:01 Hand Cart
31:53 Horse Collar
32:07 Gold Mining
32:10 Stone Mining
33:00 Conscription
32:00 Elite Longbowman
32:48 Bracer
33:04 Leather Archer Armor
33:14 Leather Archer Armor
35:19 Chemistry
34:25 Siege Engineers
34:31 Masonry
34:18 Murder Holes
35:02 Ring Archer Armor
36:25 Warwolf
ASPROS
12:07 Feudal Age
16:05 Castle Age
14:39 Double-Bit Axe
17:30 Horse Collar
25:20 Heavy Plow
26:18 Wheelbarrow
25:48 Elite Skirmisher
27:56 Fletching
28:26 Forging
28:39 Bow Saw
28:59 Gold Mining
30:00 Bodkin Arrow
34:19 Imperial Age
32:06 Scale Barding Armor
32:38 Hand Cart
32:11 Loom
32:57 Thumb Ring
32:12 Crossbowman
33:38 Gold Shaft Mining
33:52 Husbandry
34:03 Bloodlines
33:13 Light Cavalry
33:56 Kamandaran
34:13 Arson
34:29 Squires
35:53 Chemistry
36:02 Stone Mining
36:43 Crop Rotation
37:16 Two-Man Saw
37:41 Iron Casting
37:27 Chain Barding Armor
37:03 Heavy Scorpion
37:33 Capped Ram
37:43 Cavalier
38:37 Town Watch
Connection lost

Rejoining the realm…

Still unreachable

The connection could not be restored.

Session expired

The server has moved on; the page needs a fresh start.